 Dungeon Crawl Stone Soup version 0.27.0-1-g7a089689b8 (webtiles) character file.

Game seed: 6142971716475542999

205 dolemite99 the Shield-Bearer (level 5, -3/36 HPs)
             Began as an Octopode Fighter on Aug 6, 2021.
             Slain by an adder (4 damage)
             ... on level 2 of the Dungeon.
             The game lasted 00:04:04 (3530 turns).

dolemite99 the Shield-Bearer (Octopode Fighter)     Turns: 3530, Time: 00:04:04

Health: -3/36      AC:  1    Str: 16    XL:     5   Next: 83%
Magic:  5/5        EV: 11    Int: 10    God:
Gold:   69         SH:  9    Dex: 12    Spells: 4/4 levels left

rFire    . . .     SeeInvis .     - Unarmed
rCold    . . .     Faith    .   a - +0 kite shield
rNeg     . . .     Spirit   .   (helmet restricted)
rPois    .         Reflect  .   (no amulet)
rElec    .         Harm     .   (no ring)
rCorr    .         Rampage  .   (no ring)
Will     .....                  (no ring)
Stlth    ++........             (no ring)
HPRegen  0.12/turn              (no ring)
MPRegen  0.09/turn              (no ring)
                                (no ring)
                                (no ring)

@: no status effects
A: almost no armour, amphibious, 8 rings, camouflage 1, gelatinous body 1,
(nimble swimmer 1), tentacles
a: no special abilities


You were on level 2 of the Dungeon.
You visited 1 branch of the dungeon, and saw 3 of its levels.

You collected 69 gold pieces.

Inventory:

Missiles
 c - 115 stones (quivered)
 e - 6 curare-tipped darts
Armour
 a - a +0 kite shield (worn)
Scrolls
 d - a scroll of immolation


   Skills:
 - Level 3.2 Fighting
 - Level 3.2 Dodging
 - Level 4.5 Shields
 + Level 4.3 Unarmed Combat


You had 4 spell levels left.
You didn't know any spells.
Your spell library contained the following spells:

 Spells                   Type           Power      Damage    Failure   Level
 Animate Skeleton         Necr           0%         N/A       82%         1
 Apportation              Tloc           0%         N/A       82%         1
 Corona                   Hex            0%         N/A       82%         1
 Summon Small Mammal      Summ           0%         N/A       82%         1


Dungeon Overview and Level Annotations

Branches:
Dungeon (3/15)

Altars:

Shops:
D:1 !?

Annotations:
D:3 Grinder


Innate Abilities, Weirdness & Mutations

You cannot wear most types of armour.
You are amphibious.
You can wear up to eight rings at the same time.
Your skin changes colour to match your surroundings (Stealth+).
Your rubbery body absorbs attacks. (AC +1, EV +1)
((You are camouflaged near water. (Stealth+)))
You have tentacles for arms and can constrict up to eight enemies at once.


Message History

You feel forgetful for a moment. Grinder hits you.
* * * LOW HITPOINT WARNING * * *
You writhe in agony.
* * * LOW HITPOINT WARNING * * *
As you read the scroll labelled DIWAPHAIGAE, it crumbles to dust.
It is a scroll of identify.
You don't have any unidentified items.
Grinder closely misses you.
You aren't carrying any potions.
Unknown command.
An adder comes into view.
The adder hisses angrily.
You tentacle-slap Grinder. You grab Grinder.
Grinder is severely wounded.
You constrict Grinder.
Grinder blinks free!
Items here: ) / [ †.
The adder bites you.
* * * LOW HITPOINT WARNING * * *
You are poisoned.
The adder poisons you!
* * * LOW HITPOINT WARNING * * *
You feel sick.
* * * LOW HITPOINT WARNING * * *
You feel sick.
* * * LOW HITPOINT WARNING * * *
You feel sick.
There is a stone staircase leading up here.
* * * LOW HITPOINT WARNING * * *
You feel sick. You block the adder's attack. The adder barely misses you.
You climb upwards.
* * * LOW HITPOINT WARNING * * *
You feel sick.
There is a stone staircase leading down here.
Your shield prevents you from hitting the adder.
Your grab misses the adder. Your squeeze misses the adder.
* * * LOW HITPOINT WARNING * * *
You feel sick.
You are no longer poisoned.
The adder bites you.
You die...

.#######.# #.# #...........##
.<.......######.###.####.###.##
..##..............#.# #.# #.#
#>..)##########.....####.# #.#
........)# ##..........# #.#
.#######.#####.<.........# #.#
.##### #.................# #.#
.....# #######...S......####.#
.###.# ##.@............# .# #.#
#.........###### .###.#
######.........# ..##.#
#..............# #.##.#
#.####.........# #.##.#####.#
######.#### #.#†.......# #.#
#.#..####### #.# ......# #†#


You could see an adder.

Vanquished Creatures
  Ijyb (D:3)
  An orc wizard (D:3)
  Robin (D:2)
  An adder (D:2)
  6 gnolls
  A worm (D:2)
  3 orcs (D:3)
  5 bats
  4 endoplasms
  2 giant cockroaches (D:1)
  14 goblins
  6 hobgoblins
  10 jackals
  2 quokkas
  2 ball pythons (D:2)
  5 frilled lizards
  4 kobolds
  4 rats
72 creatures vanquished.

Notes
Turn   | Place    | Note
-------+----------+-------------------------------------------
     0 | D:1      | dolemite99 the Octopode Fighter began the quest for the
                  | Orb.
     0 | D:1      | Reached XP level 1. HP: 16/16 MP: 1/1
   147 | D:1      | Reached XP level 2. HP: 18/21 MP: 2/2
   899 | D:1      | Reached XP level 3. HP: 24/26 MP: 3/3
  1036 | D:1      | Found Hont's Distillery.
  1061 | D:1      | Found Laruos's Magic Scroll Shop.
  1541 | D:2      | Noticed Robin
  1566 | D:2      | Killed Robin
  1813 | D:2      | Reached XP level 4. HP: 23/31 MP: 4/4
  2670 | D:3      | Reached XP level 5. HP: 31/36 MP: 5/5
  3180 | D:3      | Noticed Ijyb
  3410 | D:3      | Killed Ijyb
  3466 | D:3      | Noticed Grinder
  3477 | D:3      | Paralysed by Grinder for 6 turns
  3487 | D:3      | Paralysed by Grinder for 6 turns
  3502 | D:3      | Paralysed by Grinder for 3 turns
  3530 | D:2      | HP: 1/36 [poisoned by an adder]
  3530 | D:2      | Slain by an adder

Illustrated notes

Levels and vault maps discovered:
D:1:      giann_horns, layout_basic, serial_shops, shop, shop, serial_aquarium,
          aquarium_bridge_straight [aquarium_subvault_bridge,
          aquarium_subvault_wall, aquarium_subvault_bridge,
          aquarium_subvault_balcony], aquarium_window_fake,
          aquarium_window_fake, aquarium_window_fake, aquarium_window_1,
          aquarium_view_2c, aquarium_view_2f, grunt_decor_clamped
D:2:      layout_loops_ring, uniq_robin
D:3:      layout_rooms, uniq_grinder, uniq_crazy_yiuf_cottage, uniq_jessica,
          uniq_ijyb

Skill      XL: |  1  2  3  4  5 |
---------------+----------------+-----
Unarmed Combat | 3 4 |  4.3
Shields        | 4 |  4.5
Fighting       | |  3.2
Dodging        | |  3.2

Action                   |  1- 3 |  4- 6 || total
-------------------------+-------+-------++-------
Melee: Unarmed           |    73 |    82 ||   155
       Constrict         |    30 |    20 ||    50
       Tentacles         |    16 |     8 ||    24
       Punch             |       |     5 ||     5
Throw: Stone             |    61 |    35 ||    96
  Use: Potion            |     3 |     1 ||     4
       Scroll            |       |     4 ||     4
 Stab: Sleeping          |     1 |     3 ||     4
Armor: Skin              |     7 |     7 ||    14
Dodge: Dodged            |    28 |    34 ||    62
Block: Kite shield       |    33 |    41 ||    74
